 Dungeon Crawl Stone Soup version 0.28-a0-628-g3c9886e45e (webtiles) character file.

Game seed: 9537542702111142828

140 mordus the Chopper (level 5, 0/46 HPs)
             Began as a Hill Orc Fighter on Oct 7, 2021.
             Succumbed to a scorpion's poison
             ... on level 2 of the Dungeon on Oct 8, 2021.
             The game lasted 00:03:45 (2887 turns).

mordus the Chopper (Hill Orc Fighter)               Turns: 2887, Time: 00:03:46

Health: 0/46       AC:  7    Str: 20    XL:     5   Next: 22%
Magic:  5/5        EV:  9    Int:  8    God:
Gold:   116        SH:  4    Dex: 10    Spells: 4/4 levels left

rFire   . . .      SeeInvis .   a - +0 war axe
rCold   . . .      Faith    .   c - +0 buckler
rNeg    . . .      Spirit   .   b - +0 scale mail
rPois   .          Reflect  .   (no helmet)
rElec   .          Harm     .   (no cloak)
rCorr   .          Rampage  .   (no gloves)
Will    .....                   (no boots)
Stlth   ..........              (no amulet)
HPRegen 0.15/turn               (no ring)
MPRegen 0.09/turn               (no ring)

@: lethally poisoned (0 -> -8), flying
A: no striking features
a: no special abilities


You were on level 2 of the Dungeon.
You visited 1 branch of the dungeon, and saw 4 of its levels.

You collected 116 gold pieces.

Inventory:

Hand Weapons
 a - a +0 war axe (weapon)
Armour
 b - a +0 scale mail (worn)
 c - a +0 buckler (worn)
Jewellery
 j - a ring of magical power
Scrolls
 f - 2 scrolls of fear {unknown}
 g - 3 scrolls of identify {unknown}
 k - a scroll of holy word {unknown}
 l - a scroll of fog {unknown}
Potions
 d - 2 potions of might
 e - a potion of haste {unknown}
 h - a potion of invisibility {unknown}
 i - a potion of curing {unknown}
 m - a potion of flight
 n - a potion of mutation {unknown}


   Skills:
 + Level 4.3 Fighting
 + Level 5.0 Axes
 + Level 4.1 Armour
 + Level 0.4 Dodging
 + Level 0.2 Stealth
 + Level 3.8 Shields


You had 4 spell levels left.
You didn't know any spells.
Your spell library contained the following spells:

 Spells                   Type           Power      Damage    Failure   Level
 Freeze                   Ice            0%         1d3       77%         1
 Frozen Ramparts          Ice            0%         1d2       98%         3
 Hailstorm                Conj/Ice       0%         3d3       100%        4


Dungeon Overview and Level Annotations

Branches:
Dungeon (4/15)
 Temple: D:4-7

Altars:

Shops:
D:4 :


Message History

You are more poisoned.
The scorpion poisons you!
You hit the scorpion but do no damage.
The scorpion is moderately wounded.
You feel extremely sick. You block the scorpion's attack.
You hit the scorpion but do no damage.
The scorpion is moderately wounded.
You feel very sick. You block the scorpion's attack. x2
You closely miss the scorpion.
The scorpion is moderately wounded.
You feel very sick. The scorpion closely misses you.
You hit the scorpion.
The scorpion is severely wounded.
You feel very sick.
The scorpion stings you but does no damage.
The scorpion closely misses you.
You hit the scorpion.
The scorpion is almost dead.
You feel sick. The scorpion closely misses you.
You hit the scorpion.
The scorpion is almost dead.
You feel sick.
The scorpion stings you but does no damage.
The scorpion stings you!
* * * LOW HITPOINT WARNING * * *
You are lethally poisoned!
The scorpion poisons you!
You closely miss the scorpion.
The scorpion is almost dead.
* * * LOW HITPOINT WARNING * * *
You feel very sick. The scorpion closely misses you.
Unknown command.
It was a potion of flight.
You feel very buoyant.
You fly up into the air.
You die...

.# ######## #.#
#....... #######.#
#.8.8.8. #.......#
#....... #.......#
#<...... #.......#
#......[
#.......######+#.8.8.8.
#....s@........#.......
#######....>...########
#>.............'.
#.^............##
#..............#
#..........######
#.######.### #...
#.##...#.# #...
#.##...#.#####...


You could see a scorpion.

Vanquished Creatures
  An iguana (D:4)
  A hound skeleton (D:4)
  3 adders
  A gnoll (D:3)
  2 worms (D:2)
  2 dart slugs
  An orc (D:3)
  4 endoplasms
  A giant cockroach (D:3)
  7 goblins
  7 hobgoblins
  4 kobolds
  A quokka (D:2)
  3 ball pythons
  8 bats
  A frilled lizard (D:1)
  A quokka skeleton (D:4)
  7 rats
55 creatures vanquished.

Notes
Turn   | Place    | Note
-------+----------+-------------------------------------------
     0 | D:1      | mordus the Hill Orc Fighter began the quest for the Orb.
     0 | D:1      | Reached XP level 1. HP: 19/19 MP: 1/1
     0 | D:1      | Upgraded the game from 0.28-a0-622-gbaef9634d7 to
                  | 0.28-a0-628-g3c9886e45e
   111 | D:1      | Reached XP level 2. HP: 27/27 MP: 2/2
   297 | D:1      | Reached skill level 3 in Axes
   849 | D:1      | Reached XP level 3. HP: 33/33 MP: 3/3
  1320 | D:2      | Found a faded altar of an unknown god.
  1322 | D:2      | You fall into a shaft and drop 2 floors!
  1322 | D:4      | Found Serphaet's Book Shoppe.
  1341 | D:4      | Reached skill level 4 in Axes
  1341 | D:4      | Reached XP level 4. HP: 20/40 MP: 4/4
  1540 | D:4      | HP: 1/40 [gnoll (10)]
  2157 | D:2      | Reached XP level 5. HP: 42/46 MP: 5/5
  2632 | D:2      | Reached skill level 5 in Axes
  2886 | D:2      | HP: 2/46 [poisoned by a scorpion]
  2887 | D:2      | Succumbed to a scorpion's poison

Illustrated notes

Levels and vault maps discovered:
D:1:      roderic_octagonal_star, layout_loops_corners, minmay_pentomino_v2
D:2:      layout_basic, basic_ecumenical_altar, grunt_ministairs_3,
          minmay_tiny_reverse_x
D:3:      layout_basic
D:4:      layout_layer_cave, tgw_sif, overflow_temple_1_default,
          minmay_temple_entry_trees, gup_sewer_entry_pipe, serial_shops,
          nicolae_stop_n_shop_2, hellmonk_ghost_happy_afterlife,
          guppyfry_early_orc_mine

Skill      XL: |  1  2  3  4  5 |
---------------+----------------+-----
Axes           | 3 4 5 |  5.0
Fighting       | 4 |  4.3
Armour         | 4 |  4.1
Dodging        | |  0.4
Stealth        | |  0.2
Shields        | |  3.8

Action                   |  1- 3 |  4- 6 || total
-------------------------+-------+-------++-------
Melee: War axe           |    83 |   103 ||   186
  Use: Potion            |       |     1 ||     1
Armor: Scale mail        |    38 |    44 ||    82
Dodge: Dodged            |    42 |    63 ||   105
Block: Buckler           |    12 |    20 ||    32

Table legend: (Time is in decaauts)
 A = Elapsed time spent in this place.
 B = Non-inter-level travel time spent in this place.
 C = Inter-level travel time spent in this place.
 D = Time resting spent in this place.
 E = Time spent auto-exploring this place.
 F = Levels seen in this place.
 G = Mean time per level.
                   A        B        C        D        E       F      G
               +--------+--------+--------+--------+--------+-----+--------+
         Total |   2943 |   2935 |      8 |    457 |   1990 |   4 |  735.8 |
       Dungeon |   2943 |   2935 |      8 |    457 |   1990 |   4 |  735.8 |
               +--------+--------+--------+--------+--------+-----+--------+

Top non-repeatable levels by time:
     D:1: 1185 daAuts
     D:2: 1072 daAuts
     D:3: 446 daAuts
     D:4: 239 daAuts
